 Dungeon Crawl Stone Soup version 0.27-a0-577-ge2a43ba0c9 (webtiles) character file.

Game seed: 7981245645816718791

25 Azunone the Fighter (level 3, -3/44 HPs)
             Began as a Gnoll Wanderer on Mar 9, 2021.
             Slain by a hound (5 damage)
             ... on level 2 of the Dungeon.
             The game lasted 00:02:07 (1150 turns).

Azunone the Fighter (Gnoll Wanderer)                Turns: 1150, Time: 00:02:07

Health: -3/44      AC:  2    Str: 10    XL:     3   Next: 6%
Magic:  3/3        EV: 11    Int: 12    God:
Gold:   83         SH:  0    Dex: 12    Spells: 3/3 levels left

rFire    . . .     SeeInvis .   a - +0 dagger
rCold    . . .     Faith    .   (no shield)
rNeg     . . .     Spirit   .   e - +0 robe
rPois    .         Reflect  .   (no helmet)
rElec    .         Harm     .   (no cloak)
rCorr    .         Rampage  .   (no gloves)
Will     .....                  (no boots)
Stlth    +.........             (no amulet)
HPRegen  0.14/turn              (no ring)
MPRegen  0.08/turn              (no ring)

@: no status effects
A: fangs 1, strong nose, distributed training
a: no special abilities


You were on level 2 of the Dungeon.
You visited 1 branch of the dungeon, and saw 2 of its levels.

You collected 83 gold pieces.

Inventory:

Hand Weapons
 a - a +0 dagger (weapon)
Missiles
 m - 9 poisoned darts (quivered)
Armour
 e - a +0 robe (worn)
 k - a +0 ring mail
Jewellery
 j - a +6 ring of intelligence
Scrolls
 c - a scroll of teleportation
 g - a scroll of identify {unknown}
 l - a scroll of amnesia {unknown}
Potions
 b - a potion of haste
 d - 2 potions of curing
 f - a potion of heal wounds
 h - a potion of degeneration {unknown}
 i - a potion of flight {unknown}


   Skills:
 + Level 12.0 Fighting
 + Level 0.6 Short Blades
 + Level 0.6 Long Blades
 + Level 0.6 Axes
 + Level 0.6 Maces & Flails
 + Level 0.6 Polearms
 + Level 0.6 Staves
 + Level 0.6 Slings
 + Level 2.5 Bows
 + Level 0.6 Crossbows
 + Level 4.5 Throwing
 + Level 0.6 Armour
 + Level 0.6 Dodging
 + Level 0.6 Stealth
 + Level 0.6 Shields
 + Level 2.5 Unarmed Combat
 + Level 0.6 Spellcasting
 + Level 0.4 Conjurations
 + Level 0.4 Hexes
 + Level 0.4 Summonings
 + Level 0.4 Necromancy
 + Level 0.4 Translocations
 + Level 0.4 Transmutations
 + Level 0.4 Fire Magic
 + Level 0.4 Ice Magic
 + Level 0.4 Air Magic
 + Level 0.4 Earth Magic
 + Level 0.4 Poison Magic
 + Level 0.8 Invocations
 + Level 0.6 Evocations


You had 3 spell levels left.
You didn't know any spells.
Your spell library was empty.

Dungeon Overview and Level Annotations

Branches:
Dungeon (2/15)

Altars:


Innate Abilities, Weirdness & Mutations

You have very sharp teeth.
Your uncanny sense of smell can sniff out nearby items.
Your experience applies equally to all skills.


Message History

The hobgoblin hits you.
You closely miss the hobgoblin.
The hobgoblin is almost dead.
The hobgoblin hits you.
You hit the hobgoblin but do no damage.
The hobgoblin is almost dead.
The hobgoblin completely misses you.
You hit the hobgoblin.
You kill the hobgoblin!
The hound bites you.
You barely miss the hound. The hound closely misses you.
You hit the hound but do no damage. The hound bites you.
The hound barely misses you.
You are too injured to fight recklessly!
You are too injured to fight recklessly!
You are too injured to fight recklessly!
You are too injured to fight recklessly!
You are too injured to fight recklessly!
You are too injured to fight recklessly!
You hit the hound.
The hound is lightly wounded.
The hound bites you.
You closely miss the hound.
The hound is lightly wounded.
The hound bites you. The hound closely misses you.
You hit the hound.
The hound is lightly wounded.
The hound pauses to sniff the ground.
The hound bites you.
* * * LOW HITPOINT WARNING * * *
You closely miss the hound. Your bite misses the hound.
The hound is lightly wounded.
The hound bites you.
* * * LOW HITPOINT WARNING * * *
The hound bites you.
* * * LOW HITPOINT WARNING * * *
You closely miss the hound.
The hound is lightly wounded.
The hound bites you.
You die...

#..### !...... #...####
#........ #.#....# ##........
#..###.# #..>.....< ##.# #.##
#......... #.# #..###$........
##########.# ##..##.........
####...)>.....#####............
....#######.....@hKS..#........
....# ###########..........
##<.# ####....... ....# .......
#..## ##.#.## ##..# ..... ####
∆ #... ..


You could see a hound, an adder and a kobold.

Vanquished Creatures
  An ooze (D:2)
  A dart slug (D:1)
  A leopard gecko (D:1)
  3 bats (D:1)
  2 giant cockroaches
  2 hobgoblins
  A kobold (D:2)
  4 goblins
  2 rats (D:1)
17 creatures vanquished.

Notes
Turn   | Place    | Note
-------+----------+-------------------------------------------
     0 | D:1      | Reached skill level 12 in Fighting
     0 | D:1      | Azunone the Gnoll Wanderer began the quest for the Orb.
     0 | D:1      | Azunone set off with the following items: a +0 dagger, a
                  | potion of haste, a scroll of teleportation, a potion of
                  | curing, a +0 robe, a potion of heal wounds
     0 | D:1      | Reached XP level 1. HP: 31/31 MP: 1/1
   146 | D:1      | Reached XP level 2. HP: 17/38 MP: 2/2
  1138 | D:2      | Reached XP level 3. HP: 34/44 MP: 3/3
  1149 | D:2      | HP: 2/44 [hound (5)]
  1150 | D:2      | Slain by a hound

Illustrated notes

Levels and vault maps discovered:
D:1:      lemuel_arrival_lava_pool, layout_basic
D:2:      layout_rooms, lemuel_crystal_altar, general_overflow_altar,
          chequers_arboretum, dk_noncrumbling_4, hangedman_decor_peaks_small

Skill      XL: | |
---------------+-+-----
Fighting       | | 12.0
Short Blades   | |  0.6
Long Blades    | |  0.6
Axes           | |  0.6
Maces & Flails | |  0.6
Polearms       | |  0.6
Staves         | |  0.6
Slings         | |  0.6
Bows           | |  2.5
Crossbows      | |  0.6
Throwing       | |  4.5
Armour         | |  0.6
Dodging        | |  0.6
Stealth        | |  0.6
Shields        | |  0.6
Unarmed Combat | |  2.5
Spellcasting   | |  0.6
Conjurations   | |  0.4
Hexes          | |  0.4
Summonings     | |  0.4
Necromancy     | |  0.4
Translocations | |  0.4
Transmutations | |  0.4
Fire Magic     | |  0.4
Ice Magic      | |  0.4
Air Magic      | |  0.4
Earth Magic    | |  0.4
Poison Magic   | |  0.4
Invocations    | |  0.8
Evocations     | |  0.6

Action                   || total
-------------------------++-------
Melee: Dagger            ||    99
       Bite              ||    10
       Punch             ||     1
Armor: Robe              ||    25
Dodge: Dodged            ||    59

Table legend: (Time is in decaauts)
 A = Elapsed time spent in this place.
 B = Non-inter-level travel time spent in this place.
 C = Inter-level travel time spent in this place.
 D = Time resting spent in this place.
 E = Time spent auto-exploring this place.
 F = Levels seen in this place.
 G = Mean time per level.
                   A        B        C        D        E       F      G
               +--------+--------+--------+--------+--------+-----+--------+
         Total |   1148 |   1112 |     36 |      0 |    942 |   2 |  574.0 |
       Dungeon |   1148 |   1112 |     36 |      0 |    942 |   2 |  574.0 |
               +--------+--------+--------+--------+--------+-----+--------+

Top non-repeatable levels by time:
     D:1: 980 daAuts
     D:2: 168 daAuts
